 Dungeon Crawl Stone Soup version 0.21-a0-504-g2eda330 (webtiles) character file.

109 kae the Ruffian (level 4, -6/45 HPs)
             Began as a Troll Monk on Nov 25, 2017.
             Killed from afar by a smoke demon (12 damage)
             ... with a ball of steam
             ... on level 1 of the Abyss.
             The game lasted 00:01:43 (1204 turns).

kae the Ruffian (Troll Monk)                        Turns: 1204, Time: 00:01:44

Health: -6/45      AC:  5    Str: 19    XL:     4   Next: 59%
Magic:  3/3        EV: 11    Int:  6    God:
Gold:   89         SH:  0    Dex: 13    Spells: 3/3 levels left

rFire    . . .     SeeInvis .     - Unarmed
rCold    . . .     Gourm    +   (no shield)
rNeg     . . .     Faith    .   a - +0 robe
rPois    .         Spirit   .   (helmet restricted)
rElec    .         Reflect  .   (no cloak)
rCorr    .         Harm     .   (gloves unavailable)
MR       .....                  (boots unavailable)
Stlth    ++........             (no amulet)
HPRegen  0.55/turn              (no ring)
MPRegen  0.08/turn              (no ring)

@: no status effects
A: large, unfitting armour, claws 3, fast metabolism 3, gourmand, regeneration
1, shaggy fur 1, tough skin 2
a: no special abilities


You were on level 1 of the Abyss.
You were very full.

You visited 1 branch of the dungeon, and saw 2 of its levels.
You visited the Abyss 1 time.

You collected 89 gold pieces.

Inventory:

Armour
 a - a +0 robe (worn)
Scrolls
 d - a scroll of remove curse
 h - 2 scrolls of identify
Potions
 e - 2 potions of agility
 g - a potion of cancellation {unknown}
 i - a potion of curing {unknown}
 k - a potion of degeneration {unknown}
Comestibles
 b - 2 bread rations
 c - a meat ration
 f - 2 royal jellies


   Skills:
 + Level 3.0 Fighting
 + Level 3.0 Dodging
 - Level 1.0 Stealth
 * Level 4.4 Unarmed Combat


You had 3 spell levels left.
You didn't know any spells.

Dungeon Overview and Level Annotations

Branches:
Dungeon (2/15)

Altars:
Yredelemnul

Annotations:
D:2 Robin


Innate Abilities, Weirdness & Mutations

You are too large for most types of armour.
You have claws for hands.
Your metabolism is lightning-fast.
You like to eat raw meat.
Your natural rate of healing is unusually fast.
You are covered in fur. (AC +1)
You have very tough skin. (AC +2)


Message History

You are covered in liquid flames!
You are covered in liquid flames!
You are covered in liquid flames!
Sorry, you're not good enough to have a special ability.
You are covered in liquid flames!
The smoke demon gestures at you. The ball of steam misses you.
You are engulfed in a cloud of scalding steam.
You are engulfed in a cloud of scalding steam.
The smoke demon gestures at you. Something smites you!
* * * LOW HITPOINT WARNING * * *
The smoke demon gestures at you. Something smites you!
* * * LOW HITPOINT WARNING * * *
A thrashing horror comes into view.
The smoke demon's inner flame fades away.
The smoke demon gestures at you. The ball of steam hits you!
You die...

#.# ... #.# #.#
#.# #.# #.#
#######@# #####
.....#§## #
...##
#####..§.###
.....## .
.......#.##....
..##
.#####..#3###
.#.....#
#.#.#.X..3X.....
### #.
##.###.....#..3X
### #.# ##..
####### #. ####
#..


There were no monsters in sight!

Vanquished Creatures
  Natasha (D:2)
  2 adders (D:2)
  An ooze (D:1)
  A worm (D:2)
  3 leopard geckos (D:2)
  4 bats (D:1)
  3 giant cockroaches
  12 goblins
  4 hobgoblins
  7 jackals (D:1)
  A frilled lizard (D:1)
  6 kobolds
  3 rats (D:1)
48 creatures vanquished.

Notes
Turn   | Place    | Note
-------+----------+-------------------------------------------
     0 | D:1      | kae the Troll Monk began the quest for the Orb.
     0 | D:1      | Reached XP level 1. HP: 22/22 MP: 0/0
   151 | D:1      | Reached XP level 2. HP: 29/29 MP: 1/1
   397 | D:1      | Reached XP level 3. HP: 28/36 MP: 2/2
   777 | D:2      | Found a basalt altar of Yredelemnul.
   855 | D:2      | Noticed Natasha
   863 | D:2      | Killed Natasha
   863 | D:2      | Reached skill level 4 in Unarmed Combat
   863 | D:2      | Reached XP level 4. HP: 32/44 MP: 3/3
  1113 | D:2      | Noticed Robin
  1117 | D:2      | Cast into level 1 of the Abyss (Robin)
  1149 | Abyss:1  | Noticed a smoke demon
  1162 | Abyss:1  | Noticed a large abomination
  1198 | Abyss:1  | HP: 2/45 [smoke demon/divine providence (10)]
  1201 | Abyss:1  | Noticed a thrashing horror
  1204 | Abyss:1  | Killed from afar by a smoke demon

Vault maps used:
D:1:      erik_arrival_cave_to_civilisation, minmay_misc_feat_pillars
D:2:      yredelemnul_altar_generic, roderic_lattice_a, uniq_robin,
          uniq_terence, uniq_natasha

Skill      XL: |  1  2  3  4 |
---------------+-------------+-----
Unarmed Combat | 4 |  4.4
Fighting       | 3 |  3.0
Dodging        | 3 |  3.0
Stealth        | |  1.0

Action                   |  1- 3 |  4- 6 || total
-------------------------+-------+-------++-------
Melee: Unarmed           |    71 |    37 ||   108
       Punch             |     1 |     1 ||     2
  Use: Scroll            |     6 |     2 ||     8
 Stab: Sleeping          |     2 |     1 ||     3
  Eat: Chunk             |    12 |     4 ||    16
Armor: Robe              |    22 |     9 ||    31
Dodge: Dodged            |    46 |    22 ||    68

Table legend:
 A = Spawn XP
 B = Non-spawn XP
 C = Spawn XP percentage of total XP
 D = Spawn monster count
 E = Non-spawn monster count
 F = Spawn count percentage of total count
 G = Total turns spent on level
                    A         B        C        D         E        F      G
               +---------+---------+-------+---------+---------+-------+---------
         Total |       0 |     156 |   0.0 |       0 |      48 |   0.0 |  1204
               +---------+---------+-------+---------+---------+-------+---------
           D:1 |       0 |      51 |   0.0 |       0 |      27 |   0.0 |   755
           D:2 |       0 |     105 |   0.0 |       0 |      21 |   0.0 |   362
               +---------+---------+-------+---------+---------+-------+---------
